 Dungeon Crawl Stone Soup version 0.19.1-1-g22dce08 (webtiles) character file.

5154 Kiturien the Blocker (level 10, -1/77 HPs)
             Began as an Octopode Fighter on Jan 18, 2017.
             Was an Initiate of Dithmenos.
             Killed from afar by Erica (16 damage)
             ... with a bolt of poison
             ... on level 8 of the Dungeon.
             The game lasted 00:38:46 (9654 turns).

Kiturien the Blocker (Octopode Fighter)             Turns: 9654, Time: 00:38:46

Health: -1/77      AC:  4    Str: 16    XL:     10   Next: 59%
Magic:  10/10      EV: 15    Int: 11    God:    Dithmenos [......]
Gold:   236        SH: 16    Dex: 14    Spells: 2 memorised, 7 levels left

rFire  . . .     SeeInvis .     a - +4 rapier
rCold  . . .     Gourm    .     y - +4 shield {AC+3}
rNeg   . . .     Faith    .     (helmet restricted)
rPois  .         Spirit   .     (no amulet)
rElec  .         Reflect  .     d - ring of protection from magic
rCorr  .         Harm     .     (no ring)
MR     +....                    (no ring)
Stlth  +++++.....               (no ring)
                                (no ring)
                                (no ring)
                                (no ring)
                                (no ring)

@: lethally poisoned (-1 -> -16), about to teleport
A: almost no armour, stealthy swim, amphibious, 8 rings, constrict 8, camouflage
1, gelatinous body 1
a: Renounce Religion


You were on level 8 of the Dungeon.
You worshipped Dithmenos.
Dithmenos was noncommittal.
You were not hungry.

You visited 2 branches of the dungeon, and saw 9 of its levels.

You collected 236 gold pieces.

Inventory:

Hand Weapons
 a - a +4 rapier (weapon)
Missiles
 p - 5 steel javelins (quivered)
 x - 7 needles of confusion
Armour
 b - a +0 shield
 y - a +4 shield of protection (worn)
Jewellery
 d - a ring of protection from magic (left tentacle)
Wands
 k - a wand of slowing (38/48)
Scrolls
 e - 2 scrolls of identify
 h - a scroll of blinking
 j - 2 scrolls of remove curse
 n - a scroll of teleportation
 o - a scroll of fear
 C - a scroll of noise
Potions
 c - a potion of might
 f - a potion of invisibility
 g - a potion of beneficial mutation
 i - 8 potions of curing
 l - 2 potions of agility
 s - a potion of cancellation
 u - 3 potions of cure mutation
 A - 3 potions of heal wounds
Books
 t - a book of Cantrips

   Spells                             Type                      Level
   a - Confusing Touch                Hexes                        1
   b - Animate Skeleton               Necromancy                   1
   c - Summon Small Mammal            Summoning                    1
   d - Apportation                    Translocation                1
Comestibles
 m - 3 fruits
 v - 2 slices of pizza
 w - a meat ration
 z - a bread ration


   Skills:
 * Level 10.4 Fighting
 + Level 6.7 Short Blades
 + Level 0.2 Throwing
 + Level 4.8 Dodging
 * Level 7.8 Stealth
 * Level 10.5 Shields
 + Level 0.1 Spellcasting
 + Level 0.2 Summonings


You had 7 spell levels left.
You knew the following spells:

 Your Spells              Type           Power        Failure   Level  Hunger
a - Summon Small Mammal   Summ           #...         65%         1    ##.....
b - Confusing Touch       Hex            #.....       65%         1    ##.....


Dungeon Overview and Level Annotations

Branches:
Dungeon (8/15)             Temple (1/1) D:7
   Lair: D:8-11

Altars:
Ashenzari
Cheibriados
Dithmenos
Elyvilon
Fedhas
Gozag
Hepliaklqana
Kikubaaqudgha
Makhleb
Nemelex Xobeh
Okawaru
Qazlal
Ru
Sif Muna
Trog
Uskayaw
Vehumet
Yredelemnul
Zin
The Shining One

Shops:
D:6 [*%

Annotations:
D:7 eskilway's ghost, novice TrMo
D:8 Erica


Innate Abilities, Weirdness & Mutations

You cannot wear most types of armour.
You are very stealthy in the water. (Stealth+)
You are amphibious.
You can wear up to eight rings at the same time.
You can use your tentacles to constrict eight enemies at once.
Your skin changes colour to match your surroundings (Stealth+).
Your rubbery body absorbs attacks. (AC +1, EV +1)


Message History

The hippogriff barely misses you. The hippogriff claws you.
Erica hits you with a scimitar of flaming!
Erica burns you. The ice beast closely misses you.
You hit Erica.
Erica is heavily wounded.
You constrict Erica.
You feel sick. The hippogriff bites you.
* * * LOW HITPOINT WARNING * * *
The hippogriff pecks you.
* * * LOW HITPOINT WARNING * * *
The hippogriff barely misses you. Erica barely misses you.
You block the ice beast's attack.
As you read the scroll of teleportation, it crumbles to dust.
You feel strangely unstable.
You constrict Erica.
You feel sick. You block the hippogriff's attack. The hippogriff pecks you.
* * * LOW HITPOINT WARNING * * *
You block the hippogriff's attack. The ice beast barely misses you.
Erica casts a spell at you. The bolt of poison hits you!
You are lethally poisoned!
You die...

......#.............#
..............##.####
.................#
≈≈............####
≈≈≈.....#####.#
≈≈≈≈..........#
≈≈≈...##.#.####
≈≈.... #.# .. .≈...#
#@# .# .....
#YH@Y...#
........5.....#
...###........#
#.!..8...# ##.......#
#..)....# ........#


You could see Erica, a hippogriff, a yak, an ice beast and a white imp.

Vanquished Creatures
  The ghost of Kiturien the Sneak, a novice OpFi (D:5)
  Prince Ribbit (D:8)
  A hippogriff (D:7)
  A hungry ghost (D:6)
  A yak (D:8)
  Menkaure (D:7)
  Edmund (D:5)
  A water moccasin (D:7)
  An orc warrior (D:7)
  A sky beast (D:7)
  5 ogres
  A phantom (D:6)
  3 bullfrogs
  A gnoll sergeant (D:6)
  A wyvern skeleton (D:6)
  A water moccasin zombie (D:5)
  A howler monkey (D:6)
  A centaur zombie (D:5)
  A hound (D:8)
  5 orc priests
  A jelly (D:8)
  Crazy Yiuf (D:4)
  Ijyb (D:3)
  A bullfrog skeleton (D:6)
  Terence (D:3)
  A centaur skeleton (D:6)
  An iguana (D:5)
  Natasha (thrice) (D:3)
  5 orc wizards
  5 worker ants
  A hound zombie (D:5)
  3 hound skeletons
  4 gnolls (D:6)
  A worker ant zombie (D:8)
  14 adders
  A shadow imp (D:6)
  An ufetubus (D:8)
  An adder zombie (D:7)
  An adder skeleton (D:8)
  4 worms
  A dart slug (D:2)
  A leopard gecko (D:3)
  22 orcs
  A ball python (D:4)
  6 giant cockroaches
  7 goblins
  10 hobgoblins
  10 jackals
  2 quokkas
  4 bats
  6 frilled lizards
  5 kobolds
  A quokka skeleton (D:4)
  4 rats
161 creatures vanquished.

Vanquished Creatures (others)
  A hound skeleton (D:4)
  3 plants (D:8)
4 creatures vanquished.

Grand Total: 165 creatures vanquished

Notes
Turn   | Place    | Note
-------+----------+-------------------------------------------
     0 | D:1      | Kiturien the Octopode Fighter began the quest for the Orb.
     0 | D:1      | Reached XP level 1. HP: 16/16 MP: 1/1
   273 | D:1      | Reached XP level 2. HP: 21/21 MP: 2/2
  1004 | D:2      | Reached XP level 3. HP: 26/26 MP: 3/3
  1385 | D:3      | Reached skill level 1 in Stealth
  1476 | D:3      | Noticed Terence
  1479 | D:3      | Noticed Natasha
  1483 | D:3      | Killed Terence
  1483 | D:3      | Reached XP level 4. HP: 12/31 MP: 4/4
  1739 | D:3      | Killed Natasha
  1840 | D:3      | Found a burning altar of Makhleb.
  1840 | D:3      | Noticed a balrug
  1940 | D:3      | Noticed Ijyb
  1955 | D:3      | Killed Ijyb
  1955 | D:3      | Reached XP level 5. HP: 36/36 MP: 5/5
  2119 | D:3      | Noticed Natasha
  2126 | D:3      | Killed Natasha
  2148 | D:3      | Noticed Natasha
  2163 | D:3      | Killed Natasha
  2600 | D:4      | Reached XP level 6. HP: 42/43 MP: 6/6
  2676 | D:4      | Found an opulent altar of Gozag.
  3081 | D:4      | Reached XP level 7. HP: 9/48 MP: 7/7
  3229 | D:4      | Found a white marble altar of Elyvilon.
  3300 | D:4      | Found a basalt altar of Yredelemnul.
  3588 | D:4      | Found a runed door.
  3592 | D:4      | Noticed Crazy Yiuf
  3597 | D:4      | Killed Crazy Yiuf
  3819 | D:4      | Reached skill level 5 in Stealth
  4099 | D:5      | Entered Level 5 of the Dungeon
  4120 | D:5      | Noticed Kiturien's ghost (novice OpFi)
  4986 | D:5      | Killed Kiturien's ghost
  4986 | D:5      | Reached skill level 5 in Fighting
  4986 | D:5      | Reached skill level 5 in Short Blades
  4986 | D:5      | Reached skill level 5 in Shields
  4986 | D:5      | Reached XP level 8. HP: 30/55 MP: 8/8
  5308 | D:5      | Found a radiant altar of Vehumet.
  5486 | D:5      | Noticed Edmund
  5496 | D:5      | Killed Edmund
  6357 | D:5      | Found a bloodstained altar of Trog.
  6357 | D:5      | Found an ancient bone altar of Kikubaaqudgha.
  6362 | D:5      | Found a sacrificial altar of Ru.
  6364 | D:5      | Found a sparkling altar of Nemelex Xobeh.
  6365 | D:5      | Found a faded altar of an unknown god.
  6688 | D:5      | Reached skill level 10 in Fighting
  6688 | D:5      | Reached skill level 10 in Shields
  6688 | D:5      | Reached XP level 9. HP: 70/70 MP: 9/9
  6729 | D:6      | Found a glowing golden altar of the Shining One.
  6779 | D:6      | Reached XP level 10. HP: 66/76 MP: 10/10
  6974 | D:6      | Found Lotzybil's Food Shop.
  7157 | D:6      | Found Ostrewa's Antique Armour Boutique.
  7246 | D:6      | You fall through a shaft for 2 floors!
  7345 | D:7      | Noticed eskilway's ghost (novice TrMo)
  7380 | D:7      | Found a staircase to the Ecumenical Temple.
  7393 | Temple   | Entered the Ecumenical Temple
  7493 | Temple   | Became a worshipper of Dithmenos the Shadowed
  7855 | D:6      | Found Xiroc's General Store.
  7931 | D:6      | Learned a level 1 spell: Summon Small Mammal
  7933 | D:6      | Learned a level 1 spell: Confusing Touch
  8821 | D:7      | Noticed Menkaure
  8827 | D:7      | Killed Menkaure
  9224 | D:8      | Noticed Prince Ribbit
  9236 | D:8      | Killed Prince Ribbit
  9646 | D:8      | Noticed Erica
  9654 | D:8      | Killed from afar by Erica

Skill      XL: |  1  2  3  4  5  6  7  8  9 10 |
---------------+-------------------------------+-----
Stealth        | 2 3 4 6 7 |  7.8
Short Blades   | 3 4 5 6 |  6.7
Shields        | 4 5 10 | 10.5
Fighting       | 4 5 10 | 10.4
Dodging        | 4 |  4.8
Throwing       | |  0.2
Spellcasting   | |  0.1
Summonings     | |  0.2

Action                   |  1- 3 |  4- 6 |  7- 9 | 10-12 || total
-------------------------+-------+-------+-------+-------++-------
Melee: Rapier            |    56 |    91 |   140 |   137 ||   424
       Constrict         |    17 |    18 |    23 |    25 ||    83
       Tentacles         |    13 |    20 |    34 |    33 ||   100
Throw: Javelin           |       |     2 |       |     1 ||     3
 Cast: Summon Small Mamm |       |       |       |     1 ||     1
  Use: Scroll            |     5 |     3 |     9 |     7 ||    24
       Potion            |     1 |     1 |     5 |       ||     7
 Stab: Sleeping          |     7 |     2 |     6 |     6 ||    21
  Eat: Fruit             |     1 |     1 |     1 |       ||     3
       Bread ration      |     1 |       |     2 |     2 ||     5
       Meat ration       |       |       |     1 |       ||     1
Armor: Skin              |     4 |     5 |    12 |     6 ||    27
Dodge: Dodged            |    10 |    34 |    38 |    39 ||   121
Block: Shield            |    20 |    28 |    63 |    69 ||   180
